 Dungeon Crawl Stone Soup version 0.24.0-13-gcf9b319 (webtiles) character file.

Game seed: 7041506776552066055, levelgen mode: deterministic

2403 peteyfrogboy the Fighter (level 9, -12/115 HPs)
             Began as a Gnoll Wanderer on Dec 21, 2019.
             Was a Priest of the Shining One.
             Mangled by Harold
             ... wielding a +0 long sword
              (13 damage)
             ... on level 7 of the Dungeon.
             The game lasted 00:11:54 (3793 turns).

peteyfrogboy the Fighter (Gnoll Wanderer)           Turns: 3793, Time: 00:11:55

Health: -12/115    AC:  4    Str: 23      XL:     9   Next: 47%
Magic:  15/15      EV: 11    Int: 16      God:    the Shining One [***...]
Gold:   436        SH:  5    Dex: 14 (15) Spells: 16/16 levels left

rFire    . . .     SeeInvis .   a - +3 war axe (freeze)
rCold    . . .     Gourm    .   c - +0 buckler
rNeg     + . .     Faith    .   r - +0 chain mail
rPois    .         Spirit   .   (no helmet)
rElec    .         Reflect  .   (no cloak)
rCorr    .         Harm     .   p - +1 pair of gloves
MR       .....                  (no boots)
Stlth    ..........             n - amulet of rage
HPRegen  0.29/turn              h - +2 ring of dexterity
MPRegen  0.14/turn              (no ring)

@: berserking, marked, corroded, glowing, lightly drained, very quick
A: distributed training, fangs 1, talons 1, sturdy frame 1, strong nose
a: Divine Shield, Renounce Religion, Evoke Berserk Rage


You were on level 7 of the Dungeon.
You worshipped the Shining One.
The Shining One was most pleased with you.
You were hungry.

You visited 1 branch of the dungeon, and saw 7 of its levels.
You also visited: Ossuary.

You collected 436 gold pieces.

Inventory:

Hand Weapons
 a - a +3 war axe of freezing (weapon)
Missiles
 s - 13 javelins
 u - 5 boomerangs (quivered)
Armour
 c - a +0 buckler (worn)
 p - a +1 pair of gloves (worn)
 r - a +0 chain mail (worn)
Jewellery
 h - a +2 ring of dexterity (left hand)
 n - an amulet of rage (around neck)
 o - an uncursed ring of fire
 y - a +5 ring of dexterity
Wands
 A - a wand of disintegration (14)
Scrolls
 e - a scroll of fear
 f - 6 scrolls of teleportation
 j - 2 scrolls of immolation
 k - 5 scrolls of remove curse
 l - 4 scrolls of identify
 m - 3 scrolls of noise {unknown}
Potions
 b - 2 potions of berserk rage
 g - 4 potions of agility
 i - 2 potions of resistance
 q - 4 potions of heal wounds
 t - a potion of haste
 v - a potion of might
 w - 3 potions of mutation
 z - a potion of invisibility
 B - a potion of curing {unknown}
Comestibles
 d - 18 rations
 x - a chunk of flesh


   Skills:
 + Level 9.5(9.3) Fighting
 + Level 4.2(3.9) Short Blades
 + Level 4.2(3.9) Long Blades
 + Level 4.2(3.9) Axes
 + Level 6.3(6.0) Maces & Flails
 + Level 4.2(3.9) Polearms
 + Level 4.2(3.9) Staves
 + Level 4.2(3.9) Slings
 + Level 4.2(3.9) Bows
 + Level 4.2(3.9) Crossbows
 + Level 4.2(3.9) Throwing
 + Level 6.3(6.0) Armour
 + Level 4.2(3.9) Dodging
 + Level 4.2(3.9) Stealth
 + Level 6.3(6.0) Shields
 + Level 4.2(3.9) Unarmed Combat
 + Level 4.2(3.9) Spellcasting
 + Level 3.4(3.2) Conjurations
 + Level 3.4(3.2) Hexes
 + Level 3.4(3.2) Charms
 + Level 3.4(3.2) Summonings
 + Level 3.4(3.2) Necromancy
 + Level 3.4(3.2) Translocations
 + Level 3.4(3.2) Transmutations
 + Level 3.4(3.2) Fire Magic
 + Level 3.4(3.2) Ice Magic
 + Level 3.4(3.2) Air Magic
 + Level 3.4(3.2) Earth Magic
 + Level 3.4(3.2) Poison Magic
 + Level 4.6(4.4) Invocations
 + Level 4.2(3.9) Evocations


You had 16 spell levels left.
You didn't know any spells.
Your spell library contained the following spells:

 Spells                   Type           Power        Failure   Level  Hunger
 Animate Skeleton         Necr           N/A          19%         1    None
 Apportation              Tloc           ##....       19%         1    None
 Confusing Touch          Hex            ##....       19%         1    None
 Magic Dart               Conj           ##..         19%         1    None
 Summon Small Mammal      Summ           ##..         19%         1    None
 Searing Ray              Conj           ##....       28%         2    ##.....
 Dazzling Spray           Conj/Hex       ##....       50%         3    ###....
 Force Lance              Conj/Tloc      ##......     88%         4    ####...
 Fulminant Prism          Conj/Hex       ##........   88%         4    ####...
 Iskenderun's Mystic Bla  Conj           ##......     88%         4    ####...


Dungeon Overview and Level Annotations

Branches:
Dungeon (7/15)             Temple (0/1) D:4         Ossuary (visited)

Altars:
Ashenzari
Elyvilon
Ru
The Shining One

Annotations:
D:4 2 runed translucent doors, acdeimund's ghost, amateur DDFi
D:7 Harold; Prince Ribbit


Innate Abilities, Weirdness & Mutations

Your experience applies equally to all skills.
You have very sharp teeth.
Your uncanny sense of smell can sniff out nearby items.
You have sharp toenails.
Your movements are slightly less encumbered by armour. (ER -2)


Message History

You freeze Prince Ribbit. You hit the rust devil. You freeze the rust devil.
The deep elf mage points at you and mumbles some strange words.
The bolt of negative energy hits the rust devil.
The rust devil completely resists.
The bolt of negative energy misses you. The rust devil closely misses you.
Harold hits you with a +0 long sword.
* * * LOW HITPOINT WARNING * * *
You slash Harold! You freeze Harold! Your bite misses Harold.
Harold is almost dead.
You hit the rust devil but do no damage.
You hit Prince Ribbit. You freeze Prince Ribbit.
Prince Ribbit hits you but does no damage.
The deep elf mage casts a spell at you.
The bolt of negative energy hits the rust devil.
The rust devil completely resists.
The bolt of negative energy hits you. You partially resist.
You feel drained.
* * * LOW HITPOINT WARNING * * *
The rust devil hits you.
* * * LOW HITPOINT WARNING * * *
The rust devil corrodes you! Harold hits you with a +0 long sword!
You die...

#.##..รท.....#
#.##...........
#.##........### ##
#)............
#######.##........###
#..................
########.(#########
#F........ #@........
#@48###### #..e...
#........ #........
#..8##### #....
#.....


You could see Harold, a rust devil, a deep elf mage and Prince Ribbit.

Vanquished Creatures
  The ghost of Snarg the Digger, a novice OpEE of Sif Muna (D:6)
  The ghost of hgbash the Digger, a novice GrEE of Sif Muna (D:5)
  Menkaure (D:7)
  An ice beast (D:6)
  A bullfrog (D:6)
  3 wights (D:6)
  6 howler monkeys
  A centaur zombie (Ossuary)
  4 crimson imps
  5 hounds
  2 human zombies (Ossuary)
  3 quasits (D:6)
  A bullfrog skeleton (D:5)
  3 jellies
  An orc priest (D:3)
  A centaur skeleton (D:6)
  2 orc wizards
  An iguana (D:7)
  Terence (D:3)
  2 worker ants
  A hound skeleton (D:4)
  4 mummies (Ossuary)
  8 adders
  A white imp (D:6)
  An ooze (D:2)
  4 worms
  2 dart slugs
  7 leopard geckos
  18 orcs
  6 giant cockroaches
  7 goblins
  5 hobgoblins
  13 jackals
  8 kobolds
  A quokka (D:2)
  5 bats
  5 frilled lizards
  2 goblin zombies (Ossuary)
  A jackal skeleton (D:6)
  2 kobold zombies (Ossuary)
  An orc zombie (Ossuary)
  A quokka skeleton (D:4)
  A quokka zombie (D:5)
  9 rats
154 creatures vanquished.

Vanquished Creatures (others)
  4 toadstools (D:3)
4 creatures vanquished.

Grand Total: 158 creatures vanquished

Notes
Turn   | Place    | Note
-------+----------+-------------------------------------------
     0 | D:1      | peteyfrogboy the Gnoll Wanderer began the quest for the
                  | Orb.
     0 | D:1      | peteyfrogboy set off with the following items: a +2 mace, a
                  | +0 ring mail, a +0 buckler, a ration
     0 | D:1      | Reached XP level 1. HP: 26/26 MP: 1/1
   169 | D:1      | Reached XP level 2. HP: 33/33 MP: 2/2
   494 | D:2      | Found a white marble altar of Elyvilon.
   499 | D:2      | Reached XP level 3. HP: 37/38 MP: 3/3
   528 | D:2      | Found a glowing golden altar of the Shining One.
   531 | D:2      | Became a worshipper of the Shining One
   558 | D:2      | Reached skill level 1 in Short Blades
   558 | D:2      | Reached skill level 1 in Long Blades
   558 | D:2      | Reached skill level 1 in Axes
   558 | D:2      | Reached skill level 1 in Polearms
   558 | D:2      | Reached skill level 1 in Staves
   558 | D:2      | Reached skill level 1 in Slings
   558 | D:2      | Reached skill level 1 in Bows
   558 | D:2      | Reached skill level 1 in Crossbows
   558 | D:2      | Reached skill level 1 in Throwing
   558 | D:2      | Reached skill level 1 in Dodging
   558 | D:2      | Reached skill level 1 in Stealth
   558 | D:2      | Reached skill level 1 in Unarmed Combat
   558 | D:2      | Reached skill level 1 in Spellcasting
   558 | D:2      | Reached skill level 1 in Invocations
   558 | D:2      | Reached skill level 1 in Evocations
   558 | D:2      | Reached XP level 4. HP: 42/45 MP: 5/5
  1009 | D:3      | Reached skill level 1 in Conjurations
  1009 | D:3      | Reached skill level 1 in Hexes
  1009 | D:3      | Reached skill level 1 in Charms
  1009 | D:3      | Reached skill level 1 in Summonings
  1009 | D:3      | Reached skill level 1 in Necromancy
  1009 | D:3      | Reached skill level 1 in Translocations
  1009 | D:3      | Reached skill level 1 in Transmutations
  1009 | D:3      | Reached skill level 1 in Fire Magic
  1009 | D:3      | Reached skill level 1 in Ice Magic
  1009 | D:3      | Reached skill level 1 in Air Magic
  1009 | D:3      | Reached skill level 1 in Earth Magic
  1009 | D:3      | Reached skill level 1 in Poison Magic
  1073 | D:3      | Found a sacrificial altar of Ru.
  1087 | D:3      | Reached XP level 5. HP: 33/51 MP: 5/7
  1218 | D:3      | Noticed Terence
  1224 | D:3      | Killed Terence
  1295 | D:3      | Reached XP level 6. HP: 48/57 MP: 8/8
  1346 | D:3      | Reached * piety under the Shining One
  1560 | D:3      | Reached skill level 5 in Maces & Flails
  1560 | D:3      | Reached skill level 5 in Armour
  1560 | D:3      | Reached skill level 5 in Shields
  1665 | D:4      | Found a large runed translucent door.
  1666 | D:4      | Found a large runed translucent door.
  1702 | D:4      | Found a staircase to the Ecumenical Temple.
  1740 | D:4      | Gained mutation: You have sharp toenails. [potion of
                  | mutation]
  1740 | D:4      | Gained mutation: Your movements are slightly less
                  | encumbered by armour. (ER -2) [potion of mutation]
  1909 | D:4      | Noticed acdeimund's ghost (amateur DDFi)
  2090 | D:4      | Found a shattered altar of Ashenzari.
  2223 | D:4      | You fall into a shaft and drop 1 floor!
  2223 | D:5      | Entered Level 5 of the Dungeon
  2236 | D:5      | Reached XP level 7. HP: 61/63 MP: 10/10
  2322 | D:5      | Found a runed translucent gate.
  2322 | D:5      | Found a runed translucent gate.
  2326 | D:5      | Found a runed translucent gate.
  2327 | D:5      | Noticed hgbash's ghost (novice GrEE)
  2734 | D:5      | Killed hgbash's ghost
  2734 | D:5      | Reached skill level 9 in Fighting
  2734 | D:5      | Reached XP level 8. HP: 71/71 MP: 10/12
  2782 | D:6      | Reached ** piety under the Shining One
  2923 | D:6      | Found a transporter.
  2938 | D:6      | Found a sand-covered staircase.
  2947 | Ossuary  | Entered an ossuary
  3071 | Ossuary  | Reached *** piety under the Shining One
  3218 | D:6      | Noticed Snarg's ghost (novice OpEE)
  3233 | D:6      | Found a transporter.
  3254 | D:6      | Reached XP level 9. HP: 60/76 MP: 14/14
  3264 | D:6      | Killed Snarg's ghost
  3693 | D:7      | Noticed Menkaure
  3699 | D:7      | Killed Menkaure
  3774 | D:7      | Noticed Harold
  3784 | D:7      | Noticed a deep elf mage
  3785 | D:7      | Noticed Prince Ribbit
  3786 | D:7      | Noticed a rust devil
  3793 | D:7      | HP: 1/115 [rust devil[a deep elf mage] (6)]
  3793 | D:7      | Mangled by Harold

Levels and vault maps discovered:
D:1:      dpeg_arrival_central, layout_rooms
D:2:      layout_basic, overflow_temple_1_default, tso_oasis_becter
D:3:      layout_basic, first_ration, minmay_gold_behind_fungi,
          nicolae_ru_great_annihilating_truth, uniq_terence
D:4:      layout_basic, marbit_many_paths, minmay_temple_entry_stoned_glass,
          ebering_ghost_disaster_area
D:5:      layout_cave_pools, gammafunk_ghost_split,
          hangedman_abyss_or_decor_passed
D:6:      layout_cave_pools, nicolae_ossuary_entry_ruins,
          gammafunk_ghost_stat_death, minmay_fire_ice_demons
D:7:      minmay_the_grid_octo_tiled_squarecenter [minmay_the_grid_octo_focus,
          minmay_the_grid_octo_chip, minmay_the_grid_octo_shrine,
          minmay_the_grid_octo_thin_diamonds,
          minmay_the_grid_square_5x5_megaprize_hollow,
          minmay_the_grid_square_5x5_misaligned,
          minmay_the_grid_square_5x5_six_small, minmay_the_grid_square_5x5_six,
          minmay_the_grid_square_5x5_three_small], layout_rooms,
          nicolae_overflow_hidden_temple, guppyfry_early_elven_hall,
          uniq_prince_ribbit1, uniq_harold, uniq_menkaure

Skill      XL: |  1  2  3  4  5  6  7  8  9 |
---------------+----------------------------+-----
Short Blades   | 1 2 3 4 |  4.2
Long Blades    | 1 2 3 4 |  4.2
Axes           | 1 2 3 4 |  4.2
Polearms       | 1 2 3 4 |  4.2
Staves         | 1 2 3 4 |  4.2
Slings         | 1 2 3 4 |  4.2
Bows           | 1 2 3 4 |  4.2
Crossbows      | 1 2 3 4 |  4.2
Throwing       | 1 2 3 4 |  4.2
Dodging        | 1 2 3 4 |  4.2
Stealth        | 1 2 3 4 |  4.2
Unarmed Combat | 1 2 3 4 |  4.2
Spellcasting   | 1 2 3 4 |  4.2
Invocations    | 1 2 3 4 |  4.6
Evocations     | 1 2 3 4 |  4.2
Conjurations   | 1 2 3 |  3.4
Hexes          | 1 2 3 |  3.4
Charms         | 1 2 3 |  3.4
Summonings     | 1 2 3 |  3.4
Necromancy     | 1 2 3 |  3.4
Translocations | 1 2 3 |  3.4
Transmutations | 1 2 3 |  3.4
Fire Magic     | 1 2 3 |  3.4
Ice Magic      | 1 2 3 |  3.4
Air Magic      | 1 2 3 |  3.4
Earth Magic    | 1 2 3 |  3.4
Poison Magic   | 1 2 3 |  3.4
Maces & Flails | 5 6 |  6.3
Armour         | 5 6 |  6.3
Shields        | 5 6 |  6.3
Fighting       | 9 |  9.5

Action                   |  1- 3 |  4- 6 |  7- 9 || total
-------------------------+-------+-------+-------++-------
Melee: Mace              |    63 |    95 |       ||   158
       Bite              |     7 |    19 |    21 ||    47
       War axe           |       |    54 |   182 ||   236
       Kick              |       |     1 |    54 ||    55
Throw: Boomerang         |       |     2 |       ||     2
 Abil: Evoke Berserk Rag |       |     1 |     2 ||     3
  Use: Potion            |     2 |     6 |     4 ||    12
       Scroll            |     1 |     6 |     3 ||    10
  Eat: Chunk             |       |     6 |     6 ||    12
Armor: Ring mail         |    19 |    38 |       ||    57
       Chain mail        |       |    48 |   147 ||   195
Dodge: Dodged            |    29 |    79 |    94 ||   202
Block: Buckler           |    16 |    38 |    65 ||   119
